Unix NetHack Version 3.7.0-65 Work-in-progress - last build Oct 3 2022 04:20:45 (938f679fcd32a3c70215a73001258fd12811ee3d,branch:master). Game began 2022-10-06 11:43:11, ended 2022-10-06 11:50:01. y4k4r1, chaotic female orcish Barbarian ---- ---- ---..- --- |..-- --.....| --.---.-------- ---- --...--- |.(...)| ----........^.|..| |..----......-- |...)..-- |...........|....| ---.............| -.)..-- |.|.......-----.-# |.@....... ..|.- --.....-- |.|----.........#- |ide..>.. ...|.^ ---.......---- --.| -----.-.... --....... ...|-- |............| |..| |....... --....... ..-- --............----.-- --...... # |........ ..-- |..................| |.....- -#[(............| |............#------ ......|. .|---.|........-- |......-......# ......| ---.....--.. |........##...|0 ...|.| --..|... |...------|...-- |.| --..---.. --..| |....-- |.| ----..- |... |..| --....| |.---...---....- |<.. ---- --...-- |...........--- --- |....| ---.....---- ------ Y4k4r1 the Pillager St:18 Dx:15 Co:18 In:10 Wi:8 Ch:6 Chaotic S:421 Dlvl:3 $:95 HP:0(29) Pw:2(2) AC:3 Xp:3/44 T:1295 Latest messages: You swap places with Idefix. You swap places with Idefix. You see here a whistle. You stop. Idefix is in the way! You see here a whistle. y - a whistle. You swap places with Idefix. You swap places with Idefix. You swap places with Idefix. You swap places with Idefix. You swap places with Idefix. You swap places with Idefix. You swap places with Idefix. You swap places with Idefix. You stop. Idefix is in the way! You swap places with Idefix. You swap places with Idefix. You swap places with Idefix. You are carrying too much to get through. Where do you want to travel to? (For instructions type a '?') You swap places with Idefix. You stop. Idefix is in the way! Where do you want to travel to? (For instructions type a '?') You descend the stairs. You climb up the stairs. You smite the floating eye! You miss the floating eye. You are frozen by the floating eye's gaze! Idefix misses the floating eye. Idefix is frozen by the floating eye's gaze! The homunculus bites! The homunculus misses! The homunculus bites! The homunculus bites! The homunculus bites! The homunculus bites! The homunculus misses! The homunculus bites! The homunculus bites! The homunculus bites! The homunculus bites! The homunculus bites! The homunculus bites! The homunculus bites! The homunculus bites! The homunculus bites! You die... Do you want your possessions identified? [ynq] (y) Inventory: Coins $ - 95 gold pieces Weapons a - a +0 battle-axe (weapon in hands) b - a +0 orcish short sword (alternate weapon; not wielded) Armor u - a blessed rusty +0 dwarvish iron helm (being worn) v - an uncursed +0 pair of iron shoes (being worn) w - an uncursed +0 dwarvish cloak (being worn) c - an uncursed +0 orcish ring mail f - an uncursed +0 scale mail (being worn) Comestibles d - an uncursed food ration x - a cursed food ration g - an uncursed pear e - an uncursed tripe ration l - an uncursed egg Scrolls p - an uncursed scroll of confuse monster o - a cursed scroll of enchant weapon t - an uncursed scroll of genocide m - an uncursed scroll of magic mapping Potions i - an uncursed potion of fruit juice k - an uncursed potion of object detection h - an uncursed potion of sleeping Wands r - a wand of polymorph (0:4) q - a wand of probing (0:6) Tools y - an uncursed tin whistle Gems/Stones n - 3 uncursed worthless pieces of green glass j - 2 uncursed worthless pieces of violet glass Y4k4r1 the Barbarian's attributes: Background: You were a Pillager, a level 3 female orcish Barbarian. You were chaotic, nominally on a mission for Set who was opposed by Mitra (lawful) and Crom (neutral). You were in the Gnomish Mines, on level 3. You entered the dungeon 1295 turns ago. You had 44 experience points, 36 more were needed to attain level 4. Your score was 421 before end-of-game adjustments. Basics: You had 0 out of 29 hit points. You had both energy points (spell power). Your armor class was 3. Your wallet contained 95 zorkmids. Autopickup was on for '$?!/="+' plus thrown, with exceptions. Final Characteristics: Your strength was 18 (limit:18/50). Your dexterity was 15 (limit:18). Your constitution was 18 (limit:18). Your intelligence was 10 (limit:16). Your wisdom was 8 (limit:16). Your charisma was 6 (limit:16). Final Status: You were not hungry. You were unencumbered. You were wielding an axe. You had basic skill with axe. Final Attributes: You were devoutly aligned. You were poison resistant. You had infravision. You were warded. You are dead. Miscellaneous: You never encountered a bones level. Total elapsed playing time was 6 minutes and 49 seconds. Major events: Turn 1: y4k4r1 the chaotic female orcish Barbarian entered the dungeon 792: entered the Gnomish Mines 920: attained the rank of Pillager (level 3) 1295: killed by a homunculus, while frozen by a floating eye's gaze Vanquished creatures: 2 dwarves a hobbit 4 gnomes 2 jackals a goblin 4 grid bugs 3 lichens 2 newts 19 creatures vanquished. No species were genocided or became extinct. Voluntary challenges: You followed a strict vegan diet. You were an atheist. You were illiterate. You never engraved Elbereth. You never genocided any monsters. You never polymorphed an object. You never changed form. You used no wishes. Achievements: You entered the Gnomish Mines. You attained the rank of Pillager. The Dungeons of Doom: levels 1 to 2 Level 1: A fountain. Level 2: Some fountains. Stairs down to The Gnomish Mines. The Gnomish Mines: levels 3 to 4 Level 3: <- You were here. Final resting place for you, killed by a homunculus, while frozen by a floating eye's gaze. Level 4: Game over: ---------- / \ / REST \ / IN \ / PEACE \ / \ | y4k4r1 | | 95 Au | | killed by a | | homunculus | | | | | | 2022 | *| * * * | * _________)/\\_//(\/(/\)/\//\/|_)_______ Goodbye y4k4r1 the Barbarian... You died in The Gnomish Mines on dungeon level 3 with 412 points, and 95 pieces of gold, after 1295 moves. You were level 3 with a maximum of 29 hit points when you died.